 Dungeon Crawl Stone Soup version 0.27-a0-277-g024f7ef292 (webtiles) character file.

Game seed: 4295034652485828077

30 tilp the Covert (level 3, -1/35 HPs)
             Began as a Gnoll Delver on Feb 6, 2021.
             Slain by a centaur zombie (2 damage)
             ... in an ossuary.
             The game lasted 00:01:48 (275 turns).

tilp the Covert (Gnoll Delver)                       Turns: 275, Time: 00:01:49

Health: -1/35      AC:  6    Str: 11    XL:     3   Next: 20%
Magic:  3/3        EV:  7    Int: 10    God:
Gold:   39         SH:  0    Dex: 13    Spells: 3/3 levels left

rFire    . . .     SeeInvis .   a - +0 mace
rCold    . . .     Faith    .   (no shield)
rNeg     . . .     Spirit   .   k - +3 leather armour
rPois    .         Reflect  .   (no helmet)
rElec    .         Harm     .   (no cloak)
rCorr    .         Rampage  .   (no gloves)
Will     .....                  (no boots)
Stlth    ++++......             (no amulet)
HPRegen  0.11/turn              (no ring)
MPRegen  0.08/turn              (no ring)

@: marked, held, hasted, very quick
A: distributed training, fangs 1, strong nose
a: no special abilities


You were in an ossuary.
You visited 1 branch of the dungeon, and saw 1 of its levels.
You also visited: Ossuary.

You collected 39 gold pieces.

Inventory:

Hand Weapons
 a - a +0 mace (weapon)
Missiles
 i - 23 bolts
Armour
 k - a +3 leather armour (worn)
Jewellery
 h - an uncursed ring of flight {unknown}
Wands
 g - a wand of digging (1)
Scrolls
 b - a scroll of identify {unknown}
 c - 2 scrolls of fog
 e - a scroll of fear
 j - a scroll of remove curse {unknown}
Potions
 d - 4 potions of curing {unknown}


   Skills:
 + Level 6.5 Fighting
 + Level 0.6 Short Blades
 + Level 0.6 Long Blades
 + Level 0.6 Axes
 + Level 4.5 Maces & Flails
 + Level 0.6 Polearms
 + Level 0.6 Staves
 + Level 0.6 Slings
 + Level 0.6 Bows
 + Level 0.6 Crossbows
 + Level 0.6 Throwing
 + Level 0.6 Armour
 + Level 4.5 Dodging
 + Level 9.5 Stealth
 + Level 0.6 Shields
 + Level 0.6 Unarmed Combat
 + Level 0.6 Spellcasting
 + Level 0.4 Conjurations
 + Level 0.4 Hexes
 + Level 0.4 Summonings
 + Level 0.4 Necromancy
 + Level 0.4 Translocations
 + Level 0.4 Transmutations
 + Level 0.4 Fire Magic
 + Level 0.4 Ice Magic
 + Level 0.4 Air Magic
 + Level 0.4 Earth Magic
 + Level 0.4 Poison Magic
 + Level 0.8 Invocations
 + Level 0.6 Evocations


You had 3 spell levels left.
You didn't know any spells.
Your spell library was empty.

Dungeon Overview and Level Annotations

Branches:
Dungeon (5/15)            Ossuary (1/1)
 Temple: D:4-7

Altars:


Innate Abilities, Weirdness & Mutations

Your experience applies equally to all skills.
You have very sharp teeth.
Your uncanny sense of smell can sniff out nearby items.


Message History

The centaur zombie hits you.
* * * LOW HITPOINT WARNING * * *
There is a gate leading back out of this place here.
The centaur zombie fails to trigger a net trap.
The mummy drops a net on you.
You become entangled in the net!
There is an empty arch of ancient stone here.
You see here a throwing net.
You struggle against the net.
You struggle against the net.
The centaur zombie hits you.
* * * LOW HITPOINT WARNING * * *
The centaur zombie hits you.
* * * LOW HITPOINT WARNING * * *
You struggle against the net.
The centaur zombie completely misses you.
The centaur zombie hits you.
* * * LOW HITPOINT WARNING * * *
The centaur zombie hits you.
* * * LOW HITPOINT WARNING * * *
You tear a large gash into the net.
The centaur zombie hits you.
You die...

############
###########.#.#.#.#.#.
##.....................
#......ZZ.MZ^..........
#.....@ZZZ.M^.....MZ...
#......Z.Z.Z...^.....^.
##......Z..M...........
###########.#.#.#.#.#.
############


You could see 3 mummies, 3 hobgoblin zombies, 2 big kobold zombies and 5 centaur
zombies.

Vanquished Creatures
  A centaur skeleton (D:5)
  A giant cockroach (D:5)
  A hobgoblin zombie (Ossuary)
  A quokka zombie (D:5)
4 creatures vanquished.

Notes
Turn   | Place    | Note
-------+----------+-------------------------------------------
     0 | D:5      | Reached skill level 9 in Stealth
     0 | D:5      | tilp the Gnoll Delver began the quest for the Orb.
     0 | D:5      | Reached XP level 1. HP: 23/23 MP: 1/1
    35 | D:5      | Reached XP level 2. HP: 14/29 MP: 2/2
    35 | D:5      | Reached XP level 3. HP: 17/35 MP: 3/3
   137 | D:5      | Found a sand-covered staircase.
   230 | Ossuary  | Entered an ossuary
   274 | Ossuary  | HP: 1/35 [centaur zombie (1)]
   275 | Ossuary  | Slain by a centaur zombie

Illustrated notes

Levels and vault maps discovered:
D:5:      layout_gridville, nicolae_ossuary_entry_false_entrances
Ossuary:  ossuary_the_hunt_dpeg

Skill      XL: | |
---------------+-+-----
Stealth        | |  9.5
Fighting       | |  6.5
Short Blades   | |  0.6
Long Blades    | |  0.6
Axes           | |  0.6
Maces & Flails | |  4.5
Polearms       | |  0.6
Staves         | |  0.6
Slings         | |  0.6
Bows           | |  0.6
Crossbows      | |  0.6
Throwing       | |  0.6
Armour         | |  0.6
Dodging        | |  4.5
Shields        | |  0.6
Unarmed Combat | |  0.6
Spellcasting   | |  0.6
Conjurations   | |  0.4
Hexes          | |  0.4
Summonings     | |  0.4
Necromancy     | |  0.4
Translocations | |  0.4
Transmutations | |  0.4
Fire Magic     | |  0.4
Ice Magic      | |  0.4
Air Magic      | |  0.4
Earth Magic    | |  0.4
Poison Magic   | |  0.4
Invocations    | |  0.8
Evocations     | |  0.6

Action                   || total
-------------------------++-------
Melee: Mace              ||    25
       Bite              ||     1
Evoke: Wand              ||     2
  Use: Scroll            ||     1
       Potion            ||     1
 Stab: Sleeping          ||     1
Armor: Leather armour    ||    14
Dodge: Dodged            ||    36

Table legend: (Time is in decaauts)
 A = Elapsed time spent in this place.
 B = Non-inter-level travel time spent in this place.
 C = Inter-level travel time spent in this place.
 D = Time resting spent in this place.
 E = Time spent auto-exploring this place.
 F = Levels seen in this place.
 G = Mean time per level.
                   A        B        C        D        E       F      G
               +--------+--------+--------+--------+--------+-----+--------+
         Total |    270 |    270 |      0 |     88 |      0 |   2 |  135.0 |
       Dungeon |    233 |    233 |      0 |     88 |      0 |   1 |  233.0 |
       Ossuary |     37 |     37 |      0 |      0 |      0 |   1 |   37.0 |
               +--------+--------+--------+--------+--------+-----+--------+

Top non-repeatable levels by time:
     D:5: 233 daAuts
 Ossuary: 37 daAuts
